cohdb
Replays
Latest Replays
All Replays
Popular Replays
Top Player Replays
Match Explorer
How It Works
Community
CoH3 Stats
Reddit
Sign in to upload your games and track your stats! →
Sign in with Steam
Match 41096660
Unlisted
Match 41096660
Overview
Messages
Build Orders
End
Kradschützen Motorcycle Team
250 Light Carrier
Panzerpioneer Squad
Construct Light Support Kompanie
Assault Grenadier Squad
Construct Mechanized Kompanie
MG34 Team
Assault Mechanized Group
8 Rad Armored Car
Selects Armored Support Battlegroup
Selects Superior Fire Drills
Selects Salvage Kits
Panzerjäger Squad
Support Armor Elements
Advanced Field Repairs
Vehicle Survival Package
Veteran Squad Leaders
Selects Flammpanzer III Medium Tank
StuG III D Assault Gun
Luke
Null
0
0
Comments
sign in to comment!
No comments posted yet!